 Dungeon Crawl Stone Soup version 0.26-a0-638-gcca6ad1 (webtiles) character file.

Game seed: 7860730726519885841

726 robertstho the Cudgeler (level 7, -4/44 HPs)
             Began as a Gargoyle Monk on Sept 14, 2020.
             Slain by a centaur (5 damage)
             ... on level 5 of the Dungeon.
             The game lasted 00:05:21 (4925 turns).

robertstho the Cudgeler (Gargoyle Monk)             Turns: 4925, Time: 00:05:21

Health: -4/44      AC: 14    Str: 16    XL:     7   Next: 72%
Magic:  7/7        EV:  8    Int: 11    God:
Gold:   162        SH:  0    Dex: 12    Spells: 6/6 levels left

rFire    . . .     SeeInvis .   q - +1 whip (flame)
rCold    . . .     Faith    .   (no shield)
rNeg     + . .     Spirit   .   m - +0 chain mail
rPois    ∞         Reflect  .   (no helmet)
rElec    +         Harm     .   (no cloak)
rCorr    .         Rampage  .   (no gloves)
MR       .....                  (no boots)
Stlth    ..........             (no amulet)
HPRegen  0.14/turn              (no ring)
MPRegen  0.10/turn              (no ring)

@: no status effects
A: negative energy resistance 1, electricity resistance, unbreathing,
petrification resistance, rot immunity, AC +4
a: no special abilities


You were on level 5 of the Dungeon.
You visited 1 branch of the dungeon, and saw 5 of its levels.

You collected 162 gold pieces.

Inventory:

Hand Weapons
 a - a +0 mace
 q - a +1 whip of flaming (weapon)
Missiles
 i - 34 poisoned darts (quivered)
Armour
 m - a +0 chain mail (worn)
Scrolls
 b - a scroll of teleportation {unknown}
 d - 6 scrolls of identify
 g - 3 scrolls of remove curse
 j - a scroll of magic mapping
 k - a scroll of amnesia {unknown}
Potions
 e - a potion of stabbing
 n - a potion of berserk rage {unknown}
 o - a potion of invisibility {unknown}
 r - a potion of ambrosia {unknown}


   Skills:
 * Level 4.6 Fighting
 * Level 6.9 Maces & Flails
 * Level 3.6 Armour
 * Level 3.3 Dodging
 - Level 2.1 Stealth


You had 6 spell levels left.
You didn't know any spells.
Your spell library was empty.

Dungeon Overview and Level Annotations

Branches:
Dungeon (5/15)
 Temple: D:4-7

Altars:
Ashenzari
Dithmenos
Hepliaklqana
Makhleb
Vehumet
Wu Jian
Xom


Innate Abilities, Weirdness & Mutations

You are resistant to torment.
Your stone body is resilient. (AC +4)
You are immune to poison.
You resist negative energy. (rN+)
You are resistant to electric shocks. (rElec)
You can survive without breathing.
You are immune to petrification.
You are immune to rotting.


Message History

* * * LOW HITPOINT WARNING * * *
You barely miss the centaur.
The centaur is severely wounded.
The centaur hits you but does no damage.
You closely miss the centaur.
The centaur is severely wounded.
The centaur hits you but does no damage.
Your chain mail prevents you from hitting the centaur.
The centaur is severely wounded.
The centaur hits you but does no damage. x2
You hit the centaur. You burn the centaur.
The centaur is almost dead.
The centaur hits you but does no damage.
You closely miss the centaur.
The centaur is almost dead.
The centaur closely misses you.
You hit the centaur but do no damage.
The centaur is almost dead.
The centaur hits you.
You die...

#......... #........
#..##[.#
#..##..######+
#...(.........
#.............
##'##(........
########..##.........
#.....'....#.@####+##
#.....#....#.c#
#.....##...#...
#.######...#....
#.....#....#.....
#.....#....#..##..
#.....#....+..# ...
##....# ...#..# ...
#....#


You could see a centaur.

Vanquished Creatures
  2 scorpions
  2 howler monkeys (D:4)
  A bullfrog zombie (D:2)
  2 hounds (D:4)
  2 orc wizards (D:3)
  An orc priest (D:3)
  2 iguanas (D:4)
  2 worker ants
  Ijyb (D:3)
  5 gnolls
  A howler monkey skeleton (D:3)
  10 adders
  An ooze (D:2)
  An adder skeleton (D:4)
  2 worms
  2 dart slugs
  6 leopard geckos
  10 orcs
  3 giant cockroaches
  6 goblins
  9 hobgoblins
  3 jackals
  3 quokkas
  3 bats
  2 frilled lizards
  9 kobolds
  3 rats
94 creatures vanquished.

Notes
Turn   | Place    | Note
-------+----------+-------------------------------------------
     0 | D:1      | robertstho the Gargoyle Monk began the quest for the Orb.
     0 | D:1      | Reached XP level 1. HP: 14/14 MP: 1/1
   198 | D:1      | Reached XP level 2. HP: 6/19 MP: 2/2
   591 | D:1      | Reached XP level 3. HP: 23/23 MP: 3/3
  1386 | D:2      | Reached skill level 4 in Maces & Flails
  1386 | D:2      | Reached skill level 1 in Armour
  1386 | D:2      | Reached XP level 4. HP: 26/29 MP: 4/4
  1421 | D:2      | Found a shattered altar of Ashenzari.
  1421 | D:2      | Found a shimmering altar of Xom.
  1421 | D:2      | Found a radiant altar of Vehumet.
  1460 | D:2      | Found an ornate altar of the Wu Jian Council.
  2087 | D:2      | Reached XP level 5. HP: 33/33 MP: 5/5
  2209 | D:2      | Found a hazy altar of Hepliaklqana.
  3029 | D:3      | Reached skill level 5 in Maces & Flails
  3029 | D:3      | Reached XP level 6. HP: 30/38 MP: 6/6
  3563 | D:3      | Noticed Ijyb
  3573 | D:3      | Killed Ijyb
  3923 | D:4      | Reached XP level 7. HP: 44/44 MP: 7/7
  3929 | D:4      | Found a burning altar of Makhleb.
  4000 | D:4      | Reached skill level 6 in Maces & Flails
  4165 | D:4      | Found a shadowy altar of Dithmenos.
  4853 | D:5      | Entered Level 5 of the Dungeon
  4919 | D:5      | HP: 1/44 [centaur (4)]
  4925 | D:5      | Slain by a centaur

Illustrated notes

Levels and vault maps discovered:
D:1:      psy_arrival_fountain, layout_basic, minmay_tripent
D:2:      layout_basic, lemuel_round_altar, nicolae_overflow_quartered_altars
D:3:      layout_rooms, minmay_misc_feat_ornament, uniq_ijyb
D:4:      layout_gridville, makhleb_blood_cavern_becter,
          nicolae_dithmenos_shadow_blocks, minmay_between
D:5:      layout_gridville, minmay_misc_feat_roman

Skill      XL: |  1  2  3  4  5  6  7 |
---------------+----------------------+-----
Maces & Flails | 4 5 6 |  6.9
Armour         | 1 2 3 |  3.6
Fighting       | 4 |  4.6
Dodging        | 3 |  3.3
Stealth        | |  2.1

Action                   |  1- 3 |  4- 6 |  7- 9 || total
-------------------------+-------+-------+-------++-------
Melee: Mace              |    83 |   194 |       ||   277
       Whip              |       |    16 |   163 ||   179
       Unarmed           |       |     6 |       ||     6
Evoke: Wand              |       |       |     2 ||     2
  Use: Potion            |       |     1 |     7 ||     8
       Scroll            |       |       |     3 ||     3
 Stab: Sleeping          |     2 |     2 |       ||     4
       Confused          |       |     1 |       ||     1
Armor: Robe              |     6 |       |       ||     6
       Ring mail         |    24 |    33 |       ||    57
       Chain mail        |       |   124 |   124 ||   248
       Skin              |       |     2 |       ||     2
Dodge: Dodged            |    56 |   118 |    72 ||   246

Table legend: (Time is in decaauts)
 A = Elapsed time spent in this place.
 B = Non-inter-level travel time spent in this place.
 C = Inter-level travel time spent in this place.
 D = Time resting spent in this place.
 E = Time spent auto-exploring this place.
 F = Levels seen in this place.
 G = Mean time per level.
                   A        B        C        D        E       F      G
               +--------+--------+--------+--------+--------+-----+--------+
         Total |   4936 |   4738 |    198 |   1044 |   2765 |   5 |  987.2 |
       Dungeon |   4936 |   4738 |    198 |   1044 |   2765 |   5 |  987.2 |
               +--------+--------+--------+--------+--------+-----+--------+

Top non-repeatable levels by time:
     D:2: 1687 daAuts
     D:1: 1185 daAuts
     D:4: 1024 daAuts
     D:3: 973 daAuts
     D:5: 65 daAuts
